 Dungeon Crawl Stone Soup version 0.17.0-28-g6e173f8 (webtiles) character file.

539 HandofTrog the Fighter (level 7, -5/69 HPs)
             Began as a Minotaur Fighter on Dec 2, 2015.
             Slain by an ogre
             ... wielding a +0 giant spiked club
              (23 damage)
             ... on level 4 of the Dungeon.
             The game lasted 00:09:22 (2608 turns).

HandofTrog the Fighter (Minotaur Fighter)           Turns: 2608, Time: 00:09:22

Health: -5/69      AC: 12    Str: 28    XL:     7   Next: 5%
Magic:  6/6        EV:  5    Int:  5    God:
Gold:   223        SH: 10    Dex:  9    Spells: 0 memorised, 6 levels left

rFire  . . .     SeeInvis +     a - +0 war axe
rCold  . . .     Clarity  .     v - +0 plate armour
rNeg   . . .     SustAt   .     c - +0 shield
rPois  .         Gourm    .     (helmet restricted)
rElec  .         Spirit   .     h - +0 cloak
rCorr  .         Warding  .     (no gloves)
rMut   .         Stasis   .     (no boots)
MR     .....                    (no amulet)
Stlth  ..........               q - ring of see invisible
                                k - ring of stealth

@: mighty, not resistant to hostile enchantments, extremely unstealthy
A: retaliatory headbutt, horns 2
a: no special abilities


You were on level 4 of the Dungeon.
You were not hungry.

You visited 1 branch of the dungeon, and saw 4 of its levels.

You collected 223 gold pieces.

Inventory:

Hand Weapons
 a - a +0 war axe (weapon)
Missiles
 D - 3 javelins (quivered)
 E - 2 tomahawks
 H - 8 steel javelins
Armour
 b - a +0 scale mail
 c - a +0 shield (worn)
 h - a +0 cloak (worn)
 v - a +0 plate armour (worn)
Jewellery
 k - a ring of stealth (left hand)
 q - a ring of see invisible (right hand)
 B - an uncursed ring of protection from fire {unknown}
Wands
 i - a wand of heal wounds (1)
 G - a wand of random effects (26)
Scrolls
 f - a scroll of remove curse
 l - 2 scrolls of random uselessness {unknown}
 m - 3 scrolls of identify {unknown}
 n - 3 scrolls of teleportation {unknown}
 p - 2 scrolls of noise {unknown}
 r - a scroll of immolation {unknown}
 t - a scroll of enchant weapon {unknown}
 w - a scroll of blinking {unknown}
 x - a scroll of amnesia {unknown}
 y - a scroll of fog {unknown}
 C - 2 scrolls of enchant armour {unknown}
Potions
 d - a potion of might
 g - a potion of haste
 j - a potion of curing {unknown}
 o - a potion of ambrosia {unknown}
 u - a potion of flight {unknown}
 z - a potion of brilliance {unknown}
 F - a potion of invisibility {unknown}
Comestibles
 e - 3 bread rations
 s - a meat ration
 A - 4 chunks of flesh


   Skills:
 - Level 8.7 Fighting
 - Level 2.4 Axes
 - Level 3.6 Armour
 + Level 5.6 Shields


You had 6 spell levels left.
You didn't know any spells.

Dungeon Overview and Level Annotations

Branches:
Dungeon (4/15)
 Temple: D:4-7

Altars:
Fedhas
Makhleb
Zin


Innate Abilities, Weirdness & Mutations

You reflexively headbutt those who attack you in melee.
You have a pair of horns on your head.


Message History

An ogre comes into view. It is wielding a giant spiked club.
You see here a jackal corpse.
You slash the ogre!
The ogre is moderately wounded.
You block the ogre's attack.
You hit the ogre but do no damage. Your headbutt misses the ogre.
The ogre is moderately wounded.
You block the ogre's attack.
Your shield and plate armour prevent you from hitting the ogre.
The ogre is moderately wounded.
The ogre hits you with a giant spiked club!
You hit the ogre. Your headbutt misses the ogre.
The ogre is moderately wounded.
The ogre hits you with a giant spiked club!
* * * LOW HITPOINT WARNING * * *
You are too injured to fight recklessly!
Drink which item? (? for menu, Esc to quit)
You feel very mighty all of a sudden.
The ogre hits you with a giant spiked club!!
You die...

.#.#
######.#.#.##### ...
......)#.......# #..
.###........(..# #..
..##...........#
#..#..##.....<)....#
. #...###..........#
..# #..##
#......##### ....
#%.# ###....# %....
#@.### #....#
......#O.#.####...[#
#.>.........##....#
#####.....#.##....#
#.##....##....##
#..............#
####....[.†....#
#...........#
#...<.......#


You could see an ogre.

Vanquished Creatures
  Sigmund (D:4)
  An ice beast (D:4)
  A scorpion (D:4)
  An orc priest (D:3)
  An orc wizard (D:3)
  8 adders
  An ooze (D:4)
  An adder skeleton (D:4)
  A worm (D:2)
  A giant gecko (D:3)
  11 orcs
  2 ball pythons (D:1)
  11 bats
  5 giant cockroaches
  8 hobgoblins
  11 jackals
  5 kobolds
  5 giant newts
  4 goblins
  9 rats
88 creatures vanquished.

Notes
Turn   | Place    | Note
--------------------------------------------------------------
     0 | D:1      | HandofTrog the Minotaur Fighter began the quest for the Orb.
     0 | D:1      | Reached XP level 1. HP: 19/19 MP: 0/0
    86 | D:1      | Reached skill level 4 in Fighting
   101 | D:1      | Reached XP level 2. HP: 20/28 MP: 1/1
   528 | D:1      | Reached skill level 5 in Fighting
   601 | D:1      | Lost intelligence.
   639 | D:2      | Reached XP level 3. HP: 32/36 MP: 2/2
   811 | D:2      | Found a blossoming altar of Fedhas.
   989 | D:2      | Found a burning altar of Makhleb.
  1175 | D:2      | Reached skill level 6 in Fighting
  1175 | D:2      | Reached XP level 4. HP: 44/44 MP: 3/3
  1573 | D:3      | Reached XP level 5. HP: 32/51 MP: 4/4
  1604 | D:3      | Reached skill level 7 in Fighting
  2367 | D:4      | Found a glowing silver altar of Zin.
  2369 | D:4      | Noticed Sigmund
  2396 | D:4      | Killed Sigmund
  2396 | D:4      | Reached skill level 8 in Fighting
  2396 | D:4      | Reached XP level 6. HP: 49/62 MP: 5/5
  2571 | D:4      | Noticed an ice beast
  2585 | D:4      | Killed an ice beast
  2585 | D:4      | Reached skill level 5 in Shields
  2585 | D:4      | Reached XP level 7. HP: 37/69 MP: 6/6
  2603 | D:4      | Noticed an ogre
  2608 | D:4      | Slain by an ogre

Action                   |  1- 3 |  4- 6 |  7- 9 || total
-------------------------+-------+-------+-------++-------
Melee: War axe           |    95 |   129 |     6 ||   230
Throw: Javelin           |       |     9 |       ||     9
       Tomahawk          |       |     2 |       ||     2
  Use: Scroll            |     1 |       |       ||     1
       Potion            |       |     2 |     1 ||     3
  Eat: Chunk             |     1 |     5 |       ||     6
